 Dungeon Crawl Stone Soup version 0.28.0-55-gcd9437bce4 (webtiles) character file.

Game seed: 10394064471931908285

77 nerdsy the Vexing (level 4, -2/34 HPs)
             Began as a Gnoll Arcane Marksman on Dec 30, 2022.
             Slain by Terence
             ... wielding a +0 mace
              (5 damage)
             ... on level 2 of the Dungeon.
             The game lasted 00:09:13 (1649 turns).

nerdsy the Vexing (Gnoll Arcane Marksman)           Turns: 1649, Time: 00:09:13

Health: -2/34      AC:  9    Str: 11    XL:     4   Next: 33%
Magic:  8/8        EV: 12    Int: 13    God:
Gold:   78         SH:  0    Dex: 16    Spells: 8/9 levels left

rFire   . . .      SeeInvis .   d - +0 short sword
rCold   . . .      Faith    .   (no shield)
rNeg    . . .      Spirit   .   j - +0 ring mail
rPois   .          Reflect  .   (no helmet)
rElec   .          Harm     .   (no cloak)
rCorr   .          Rampage  .   (no gloves)
Will    .....                   (no boots)
Stlth   +.........              (no amulet)
HPRegen 0.11/turn               m - +4 ring of protection
MPRegen 0.11/turn               (no ring)

@: no status effects
A: fangs 1, strong nose, distributed training, agile 1, strong 1, MP-powered
wands
a: no special abilities


You were on level 2 of the Dungeon.
You visited 1 branch of the dungeon, and saw 2 of its levels.

You collected 78 gold pieces.

Inventory:

Hand Weapons
 a - a +0 hand crossbow
 d - a +0 short sword (weapon)
Missiles
 f - 39 stones (quivered)
 g - 24 sling bullets
 l - 44 arrows
 n - 6 boomerangs
Armour
 j - a +0 ring mail (worn)
Jewellery
 m - a +4 ring of protection (left hand)
Scrolls
 b - 2 scrolls of enchant armour {unknown}
 h - a scroll of amnesia {unknown}
 i - a scroll of summoning {unknown}
Potions
 k - a potion of degeneration {unknown}


   Skills:
 + Level 2.7 Fighting
 + Level 1.1 Short Blades
 + Level 1.1 Long Blades
 + Level 1.1 Axes
 + Level 1.1 Maces & Flails
 + Level 1.1 Polearms
 + Level 1.1 Staves
 + Level 1.1 Slings
 + Level 1.1 Bows
 + Level 4.6 Crossbows
 + Level 1.1 Throwing
 + Level 1.1 Armour
 + Level 4.6 Dodging
 + Level 1.1 Stealth
 + Level 1.1 Shields
 + Level 1.1 Unarmed Combat
 + Level 3.0 Spellcasting
 + Level 0.8 Conjurations
 + Level 5.4 Hexes
 + Level 0.8 Summonings
 + Level 0.8 Necromancy
 + Level 0.8 Translocations
 + Level 0.8 Transmutations
 + Level 0.8 Fire Magic
 + Level 0.8 Ice Magic
 + Level 0.8 Air Magic
 + Level 0.8 Earth Magic
 + Level 0.8 Poison Magic
 + Level 1.2 Invocations
 + Level 1.1 Evocations


You had 8 spell levels left.
You knew the following spells:

 Your Spells              Type           Power      Damage    Failure   Level
a - Slow                  Hex            64%        N/A       6%          1

Your spell library contained the following spells:

 Spells                   Type           Power      Damage    Failure   Level
 Inner Flame              Hex/Fire       10%        N/A       41%         3
 Portal Projectile        Hex/Tloc       20%        N/A       41%         3
 Cause Fear               Hex            8%         N/A       50%         4
 Gell's Gravitas          Tloc           4%         N/A       75%         3
 Teleport Other           Tloc           4%         N/A       75%         3
 Dispersal                Tloc           2%         N/A       100%        6


Dungeon Overview and Level Annotations

Branches:
Dungeon (2/15)

Altars:

Annotations:
D:2 Terence


Innate Abilities, Weirdness & Mutations

You have very sharp teeth.
Your uncanny sense of smell can sniff out nearby items.
Your experience applies equally to all skills.
You are agile. (Dex +2)
Your muscles are strong. (Str +2)
You expend magic power (3 MP) to strengthen your wands.


Message History

You feel your magical essence link to the dungeon's wands.
Terence hits you with a +0 mace!
m - a +4 ring of protection (left hand) Terence hits you but does no damage.
You hit Terence but do no damage.
Terence is lightly wounded.
Terence barely misses you.
You hit Terence.
Terence is lightly wounded.
Terence hits you with a +0 mace.
You hit Terence. You bite Terence, but do no damage.
Terence is moderately wounded.
Terence closely misses you.
You closely miss Terence.
Terence is moderately wounded.
Terence closely misses you.
You hit Terence but do no damage.
Terence is moderately wounded.
Terence barely misses you.
You hit Terence. You punch Terence, but do no damage.
Terence is moderately wounded.
Terence hits you with a +0 mace!
You hit Terence but do no damage.
Terence is moderately wounded.
Terence hits you but does no damage.
You barely miss Terence. Your punch misses Terence. Your bite misses Terence.
Terence is moderately wounded.
Terence hits you with a +0 mace.
You hit Terence but do no damage.
Terence is moderately wounded.
Terence hits you with a +0 mace.
* * * LOW HITPOINT WARNING * * *
You barely miss Terence. You bite Terence, but do no damage.
Terence is moderately wounded.
Terence hits you with a +0 mace.
* * * LOW HITPOINT WARNING * * *
You hit Terence but do no damage.
Terence is moderately wounded.
Terence hits you with a +0 mace.
You die...

#####..#.## ...........
...........# .(...(....#
#####..#...† ..()......#
####.##.#.# ..........#
#..... #.#<.
..........##..######....
.....(... ...######..###
......@.##..........####
#..
###.@................
....
#...#.....######.####
... #.###.....# #.# #
... #.###....## #.# #
#.#####.#......# #.#
#.##......#....# ..# ##
#.##.##.######## .## #.
#.......# # #..
#..##.### #.


You could see Terence.

Vanquished Creatures
  An adder (D:2)
  A worm (D:2)
  3 dart slugs
  An orc (D:2)
  4 ball pythons
  6 bats
  7 endoplasms
  A giant cockroach (D:1)
  2 goblins
  4 hobgoblins
  6 jackals
  6 kobolds
  3 quokkas
  A frilled lizard (D:1)
  A rat (D:1)
47 creatures vanquished.

Notes
Turn   | Place    | Note
-------+----------+-------------------------------------------
     0 | D:1      | nerdsy the Gnoll Arcane Marksman began the quest for the
                  | Orb.
     0 | D:1      | Reached XP level 1. HP: 17/17 MP: 4/4
    97 | D:1      | Reached XP level 2. HP: 23/23 MP: 5/5
   258 | D:1      | Found a faded altar of an unknown god.
   350 | D:1      | Reached XP level 3. HP: 27/28 MP: 7/7
   754 | D:1      | Reached skill level 1 in Invocations
  1001 | D:2      | Reached skill level 1 in Short Blades
  1001 | D:2      | Reached skill level 1 in Long Blades
  1001 | D:2      | Reached skill level 1 in Axes
  1001 | D:2      | Reached skill level 1 in Maces & Flails
  1001 | D:2      | Reached skill level 1 in Polearms
  1001 | D:2      | Reached skill level 1 in Staves
  1001 | D:2      | Reached skill level 1 in Slings
  1001 | D:2      | Reached skill level 1 in Bows
  1001 | D:2      | Reached skill level 1 in Throwing
  1001 | D:2      | Reached skill level 1 in Armour
  1001 | D:2      | Reached skill level 1 in Stealth
  1001 | D:2      | Reached skill level 1 in Shields
  1001 | D:2      | Reached skill level 1 in Unarmed Combat
  1001 | D:2      | Reached skill level 1 in Evocations
  1326 | D:2      | Reached XP level 4. HP: 34/34 MP: 8/8
  1630 | D:2      | Noticed Terence
  1637 | D:2      | Gained mutation: You are agile. (Dex +2) [potion of
                  | mutation]
  1637 | D:2      | Gained mutation: Your muscles are strong. (Str +2) [potion
                  | of mutation]
  1637 | D:2      | Gained mutation: You expend magic power (3 MP) to
                  | strengthen your wands. [potion of mutation]
  1649 | D:2      | Slain by Terence

Illustrated notes

Levels and vault maps discovered:
D:1:      lightli_arrival_chessboard, layout_loops_ring,
          shapermc_ecumenical_altar_notcrosses
D:2:      layout_rooms, nicolae_concentric_dashed_squares_mild,
          kennysheep_crisscross, minmay_diced_spiral, uniq_crazy_yiuf_cottage,
          uniq_terence

Skill      XL: |  1  2  3  4 |
---------------+-------------+-----
Invocations    | 1 |  1.2
Short Blades   | 1 |  1.1
Long Blades    | 1 |  1.1
Axes           | 1 |  1.1
Maces & Flails | 1 |  1.1
Polearms       | 1 |  1.1
Staves         | 1 |  1.1
Slings         | 1 |  1.1
Bows           | 1 |  1.1
Throwing       | 1 |  1.1
Armour         | 1 |  1.1
Stealth        | 1 |  1.1
Shields        | 1 |  1.1
Unarmed Combat | 1 |  1.1
Evocations     | 1 |  1.1
Spellcasting   | 3 |  3.0
Fighting       | |  2.7
Crossbows      | |  4.6
Dodging        | |  4.6
Conjurations   | |  0.8
Hexes          | |  5.4
Summonings     | |  0.8
Necromancy     | |  0.8
Translocations | |  0.8
Transmutations | |  0.8
Fire Magic     | |  0.8
Ice Magic      | |  0.8
Air Magic      | |  0.8
Earth Magic    | |  0.8
Poison Magic   | |  0.8

Action                   |  1- 3 |  4- 6 || total
-------------------------+-------+-------++-------
Melee: Short sword       |    26 |    20 ||    46
       Bite              |     1 |     2 ||     3
       Punch             |       |     1 ||     1
 Fire: Hand crossbow     |    98 |    24 ||   122
Throw: Stone             |       |     2 ||     2
  Use: Potion            |       |     1 ||     1
Armor: Robe              |     5 |       ||     5
       Ring mail         |    13 |     6 ||    19
       Leather armour    |     2 |       ||     2
Dodge: Dodged            |    43 |    11 ||    54
